 Dungeon Crawl Stone Soup version 0.32-a0-7-ge934b4519a (webtiles) character file.

Game seed: 1538036159995646267

74 Crabhammer the Insei (level 4, -2/28 HPs)
             Began as an Octopode Shapeshifter on Jan 14, 2024.
             Killed from afar by an orc wizard (8 damage)
             ... with a magic dart
             ... on level 3 of the Dungeon.
             The game lasted 00:05:58 (1995 turns).

Crabhammer the Insei (Octopode Shapeshifter)        Turns: 1995, Time: 00:05:58

Health: -2/28      AC:  1    Str: 13    XL:     4   Next: 28%
Magic:  4/4        EV: 13    Int: 12    God:
Gold:   9          SH:  0    Dex: 13    Spells: 3/3 levels left

rFire   . .          .
                       - Unarmed
rCold   . . .        (no shield)
rNeg    . . .        (helmet currently unavailable)
rPois   .            (no amulet)
rElec   .            (no ring)
rCorr   .            (no ring)
SInv    .            (no ring)
Will    .....        (no ring)
Stlth   ++           (no ring)
HPRegen 0.24/turn    (no ring)
MPRegen 0.09/turn    (no ring)
                     (no ring)

%: no passive effects
@: beast-form
A: beast (slay +1), almost no armour, amphibious, 8 rings, camouflage 1,
gelatinous body 1, (nimble swimmer 1), tentacles
a: Begin Untransformation


You were on level 3 of the Dungeon.
You were a hulking beast.
You visited 1 branch of the dungeon, and saw 3 of its levels.

You collected 129 gold pieces.
You spent 120 gold pieces at shops.

Inventory:

Armour
 d - a +0 hat
Talismans
 b - a beast talisman
 c - a flux talisman
Scrolls
 e - a scroll of teleportation {unknown}
 h - a scroll of revelation {unknown}
 i - a scroll of enchant armour {unknown}
 k - a scroll of fog {unknown}
Potions
 a - a potion of lignification
 f - a potion of invisibility {unknown}
 g - 2 potions of haste {unknown}
 j - 3 potions of degeneration {unknown}
 n - a potion of might


   Skills:
 - Level 1.0 Fighting
 - Level 2.0 Dodging
 + Level 5.0 Unarmed Combat
 - Level 3.0 Shapeshifting


You had 3 spell levels left.
You didn't know any spells.
Your spell library was empty.

Dungeon Overview and Level Annotations

Branches:
Dungeon (3/15)

Altars:
Ru

Shops:
D:1 (   D:2 !

Annotations:
D:2 1 runed translucent door, Crazy Yiuf


Innate Abilities, Weirdness & Mutations

You are a hulking beast.
Your limbs bulge with bestial killing power. (Slay +1)
You cannot wear most types of armour.
You are amphibious.
You can wear up to eight rings at the same time.
Your skin changes colour to match your surroundings (Stealth+).
Your rubbery body absorbs attacks. (AC +1, EV +1)
((You are camouflaged when in or above water. (Stealth+)))
You have tentacles for arms and can constrict up to eight enemies at once.


Message History

The orc throws a boomerang.
The boomerang misses you. Something hits you.
You miss the orc.
The orc throws a boomerang.
The boomerang barely misses you. Something hits you but does no damage.
The orc hits you with a +0 dagger.
You closely miss the orc. You squeeze the orc, but do no damage.
You bump into the rock wall.
Something hits you.
The orc throws a boomerang.
The boomerang closely misses you. The orc closely misses you.
You bump into the rock wall.
You hear some strange, mumbled words.
A puff of flame appears from out of thin air!
The puff of flame hits you!
* * * LOW HITPOINT WARNING * * *
The orc misses you.
You feel much better. Something hits you.
The orc throws a boomerang.
The boomerang hits you. The orc closely misses you.
You feel better. Something hits you. The orc hits you with a +0 dagger.
You tentacle-slap the orc. You grab the orc. You squeeze the orc.
You kill the orc!
Something hits you.
The orc throws a boomerang.
The boomerang closely misses you.
Your Unarmed Combat skill increases to level 5!
You barely miss something. Your squeeze misses something. Something hits you.
The orc throws a boomerang.
You tentacle-slap something but do no damage.
Something hits you but does no damage.
The orc throws a boomerang.
You miss something. Something barely misses you.
You bludgeon the orc!
You kill the orc!
Something hits you.
You miss something. Something completely misses you.
You closely miss something.
You hear some strange, mumbled words.
A magic dart appears from out of thin air!
The magic dart hits you!
* * * LOW HITPOINT WARNING * * *
You miss something.
You hear some strange, mumbled words.
A magic dart appears from out of thin air!
The magic dart hits you!
You die...

. .. #.. #...
... #.... ####
.. #...$.### #..
.. #.....))###.#
#.#
#.....#{h.#.#
#.# #....
###.<.###.# ####
##......# #
#####.##..###.##
................
#####.##....#.##
#.###.#.# #.#
#.#.# #.# #.# .


There were no monsters in sight!

Vanquished Creatures
  An orc wizard (D:3)
  An adder (D:2)
  2 ribbon worms (D:2)
  A dart slug (D:1)
  3 orcs (D:3)
  4 ball pythons
  5 bats
  2 giant cockroaches
  3 hobgoblins
  A kobold (D:1)
  2 quokkas (D:2)
  A frilled lizard (D:2)
  A rat (D:2)
27 creatures vanquished.

Notes
Turn   | Place    | Note
-------+----------+-------------------------------------------
     0 | D:1      | Crabhammer the Octopode Shapeshifter began the quest for
                  | the Orb.
     0 | D:1      | Reached XP level 1. HP: 13/13 MP: 1/1
    47 | D:1      | Found a faded altar of an unknown god.
   128 | D:1      | Reached XP level 2. HP: 18/18 MP: 2/2
   323 | D:1      | Found Jonloaq's Weapon Emporium.
   749 | D:2      | Found a sacrificial altar of Ru.
   874 | D:2      | Reached skill level 4 in Unarmed Combat
   967 | D:2      | Found a transporter.
   967 | D:2      | Found Bibiff's Distillery.
  1185 | D:2      | Reached XP level 3. HP: 23/23 MP: 3/3
  1462 | D:2      | Found a runed translucent door.
  1463 | D:2      | Noticed Crazy Yiuf
  1556 | D:2      | Found a transporter.
  1752 | D:2      | Bought a potion of heal wounds for 50 gold pieces
  1752 | D:2      | Bought a potion of curing for 30 gold pieces
  1752 | D:2      | Bought a potion of might for 40 gold pieces
  1978 | D:3      | Reached XP level 4. HP: 28/28 MP: 4/4
  1989 | D:3      | Reached skill level 5 in Unarmed Combat
  1995 | D:3      | Killed from afar by an orc wizard

Illustrated notes

Levels and vault maps discovered:
D:1:      wander_arrival_lonely_grave, layout_loops_cross, serial_shops, shop,
          ebering_ecumenical_altar_mist
D:2:      layout_loops_corners, serial_shops, nicolae_shop_drivethru,
          basic_altar, uniq_crazy_yiuf_cottage
D:3:      layout_basic, mainiacjoe_overflow_tiny_flanked

Skill      XL: |  1  2  3  4 |
---------------+-------------+-----
Unarmed Combat | 4 5 |  5.0
Fighting       | |  1.0
Dodging        | |  2.0
Shapeshifting  | |  3.0

Action                     |  1- 3 |  4- 6 || total
---------------------------+-------+-------++-------
  Melee: Unarmed           |    46 |    11 ||    57
         Constrict         |    15 |     1 ||    16
         Tentacles         |     9 |     2 ||    11
         Punch             |     3 |       ||     3
    Use: Potion            |       |     2 ||     2
   Stab: Sleeping          |     1 |       ||     1
 Armour: Skin              |    17 |    16 ||    33
  Dodge: Dodged            |    19 |     9 ||    28

Table legend: (Time is in decaauts)
 A = Elapsed time spent in this place.
 B = Non-inter-level travel time spent in this place.
 C = Inter-level travel time spent in this place.
 D = Time resting spent in this place.
 E = Time spent auto-exploring this place.
 F = Levels seen in this place.
 G = Mean time per level.
                   A        B        C        D        E       F      G
               +--------+--------+--------+--------+--------+-----+--------+
         Total |   1990 |   1669 |    321 |     82 |   1155 |   3 |  663.3 |
       Dungeon |   1990 |   1669 |    321 |     82 |   1155 |   3 |  663.3 |
               +--------+--------+--------+--------+--------+-----+--------+

Top non-repeatable levels by time:
     D:2: 1248 daAuts
     D:1: 700 daAuts
     D:3: 42 daAuts
